Map: Blackpink LE

Players

MaNa

  • Race: Protoss Protoss
  • Spawn Location: 7:00

JonSnow - Winner!

  • Race: Zerg Zerg
  • Spawn Location: 1:00

Event: WCS Leipzig 2018

VOD

Have the link to the VOD?

Description

Time

  • Played on: Jan. 26, 2018, 10:43 a.m.
  • Length: 15:30

All games in this series

Show
View Real Time Build Order
Export as new Build Order

MaNa Protoss 

Build Orders: 1 Gate Expand, Phoenix Opening 

Get SALT Encoding   

  12  0:00  Probe  
  13  0:12  Probe  
  14  0:17  Pylon  
  14  0:24  Probe (Chrono Boost)  
  15  0:36  Probe (Chrono Boost)  
  16  0:44  Gateway  
  16  0:45  Probe (Chrono Boost)  
  16  0:47  Assimilator  
  17  0:50  Probe (Chrono Boost)  
  18  1:03  Probe (Chrono Boost)  
  20  1:11  Probe (Chrono Boost)  
  20  1:27  Nexus  
  20  1:37  Cybernetics Core  
  20  1:39  Probe  
  21  1:45  Assimilator  
  21  1:51  Probe  
  22  1:56  Pylon  
  22  2:03  Probe  
  23  2:12  Adept (Chrono Boost)  
  23  2:15  Probe, Warp Gate  
  26  2:24  Stargate  
  26  2:27  Probe  
  27  2:31  Adept  
  29  2:39  Probe (Chrono Boost)  
  31  2:45  Probe (Chrono Boost)  
  31  2:48  Probe (Chrono Boost)  
  32  2:52  Probe (Chrono Boost)  
  32  2:53  Probe (Chrono Boost)  
  36  2:58  Adept  
  36  3:01  Gateway  
  36  3:03  Probe  
  37  3:05  Probe  
  38  3:12  Phoenix (Chrono Boost)  
  38  3:15  Probe  
  38  3:18  Probe  
  42  3:28  Probe  
  42  3:30  Probe  
  42  3:31  Twilight Council, Pylon  
  44  3:41  Gateway  
  44  3:51  Probe x2  
  46  4:00  Oracle (Chrono Boost)  
  46  4:01  Pylon  
  30  4:17  Adept  
  30  4:18  Adept  
  30  4:22  Resonating Glaives  
  30  4:25  Probe  
  27  4:39  Adept  
  27  4:40  Probe (Chrono Boost)  
  27  4:41  Probe (Chrono Boost)  
  27  4:44  Shield Battery  
  31  4:47  Adept  
  34  4:53  Probe x2 (Chrono Boost)  
  34  5:01  Probe x2 (Chrono Boost)  
  36  5:07  Probe x2  
  38  5:19  Probe (Chrono Boost)  
  38  5:20  Probe (Chrono Boost)  
  40  5:31  Probe (Chrono Boost)  
  42  5:37  Probe (Chrono Boost)  
  42  5:38  Probe (Chrono Boost)  
  42  5:41  Adept x3  
  49  5:43  Probe (Chrono Boost)  
  49  5:48  Pylon  
  49  5:49  Probe (Chrono Boost)  
  51  5:55  Probe (Chrono Boost), Pylon  
  52  6:00  Probe (Chrono Boost)  
  52  6:02  Adept x2  
  52  6:03  Adept  
  52  6:04  Probe  
  60  6:15  Probe  
  60  6:16  Probe, Pylon  
  62  6:21  Robotics Facility  
  62  6:24  Adept x2  
  66  6:32  Probe x2  
  68  6:35  Assimilator  
  68  6:37  Assimilator  
  68  6:44  Probe x2  
  70  6:52  Charge  
  70  6:53  Forge  
  70  6:56  Probe x2  
  72  7:03  Sentry  
  72  7:08  Probe x2, Observer  
  76  7:09  Robotics Bay  
  76  7:12  Pylon  
  77  7:18  Pylon  
  78  7:25  Pylon  
  78  7:27  Pylon  
  78  7:29  Nexus  
  77  7:43  Adept x2  
  77  7:44  Adept  
  75  7:45  Probe x2  
  68  7:55  Colossus (Chrono Boost)  
  68  7:57  Probe x2  
  68  8:03  Adept x2  
  68  8:04  Adept  
  74  8:05  Extended Thermal Lance  
  74  8:09  Probe x2  
  71  8:13  Protoss Ground Weapons Level 1 (Chrono Boost)  
  71  8:16  Shield Battery  
  71  8:24  Adept x2, Sentry  
  77  8:32  Gateway  
  77  8:34  Gateway  
  77  8:35  Colossus (Chrono Boost)  
  83  8:49  Zealot x3  
  89  9:04  Pylon  
  89  9:08  Nexus  
  89  9:10  Pylon  
  89  9:18  Colossus (Chrono Boost)  
  95  9:26  Templar Archives  
  95  9:29  Shield Battery  
  95  9:32  Zealot  
  95  9:35  Sentry  
  95  9:38  Probe (Chrono Boost), Gateway  
  99  9:39  Probe (Chrono Boost)  
  101  9:50  Probe (Chrono Boost), Assimilator  
  101  9:51  Probe (Chrono Boost)  
  103  9:53  Assimilator  
  103  10:03  Shield Battery  
  103  10:04  High Templar x2  
  107  10:09  Archon  
  113  10:23  Gateway  
  113  10:25  Stalker x3  
  113  10:26  Phoenix (Chrono Boost)  
  115  10:32  Photon Cannon  
  115  10:36  High Templar x2  
  115  10:41  Archon  
  115  10:42  Phoenix (Chrono Boost)  
  121  10:52  Stalker x3  
  123  10:59  Observer  
  121  11:08  Blink (Chrono Boost)  
  121  11:10  Phoenix  
  119  11:13  Zealot x2  
  119  11:14  Probe x2  
  119  11:16  Photon Cannon  
  125  11:18  Shield Battery  
  125  11:20  Pylon  
  125  11:28  Immortal  
  129  11:38  High Templar x2  
  133  11:42  Archon  
  133  11:46  Stalker  
  135  11:47  Stalker  
  137  11:56  Photon Cannon  
  137  12:06  Nexus  
  137  12:07  Pylon, Warp Prism  
  139  12:12  Photon Cannon  
  139  12:16  Photon Cannon  
  139  12:26  High Templar x4  
  139  12:28  Protoss Ground Weapons Level 2 (Chrono Boost)  
  147  12:30  Archon x2  
  143  12:39  Probe x2  
  143  12:44  Pylon  
  145  12:49  High Templar x2  
  149  12:54  Archon  
  149  12:55  Shield Battery, Psionic Storm  
  149  13:00  Photon Cannon  
  149  13:02  Pylon  
  145  13:22  High Templar x2  
  145  13:24  Assimilator  
  149  13:28  Assimilator  
  149  13:30  High Templar  
  151  13:42  Stalker x4  
  151  13:48  Warp Prism  
  159  13:57  Zealot  
  159  13:58  Zealot  
  125  14:18  Zealot x7  
  139  14:24  Observer  
  139  14:30  Archon  
  101  14:40  Stalker x2  
  101  14:41  Stalker x2  
  101  14:42  Stalker x3  
  101  14:45  Immortal (Chrono Boost)  
  104  15:02  Nexus  
  104  15:04  High Templar x3  
  104  15:05  High Templar x3  
  116  15:08  Archon  
  116  15:09  Archon  
  116  15:10  Archon  
  115  15:19  Zealot  
Show
View Real Time Build Order
Export as new Build Order

JonSnow Zerg - Winner!

Build Orders: Hatch First, Muta Ling Bane 

Get SALT Encoding   

  12  0:00  Drone  
  13  0:14  Overlord  
  13  0:18  Drone  
  14  0:32  Drone x2  
  16  0:38  Drone  
  17  0:55  Drone  
  17  0:56  Hatchery  
  17  0:59  Drone  
  18  1:06  Extractor  
  17  1:14  Spawning Pool  
  17  1:17  Drone  
  17  1:20  Drone  
  18  1:32  Drone  
  19  1:52  Drone x2  
  21  1:55  Hatchery  
  20  2:02  Zergling x2  
  20  2:07  Metabolic Boost  
  21  2:12  Queen  
  23  2:22  Queen  
  25  2:25  Zergling x2  
  25  2:28  Zergling x2  
  27  2:33  Overlord  
  27  2:37  Drone  
  28  2:48  Evolution Chamber  
  27  2:52  Drone x4  
  31  3:01  Overlord  
  31  3:03  Zergling x2  
  31  3:04  Zergling x2  
  33  3:07  Spore Crawler  
  32  3:14  Zergling x2  
  32  3:15  Zergling x2  
  34  3:20  Zergling x6  
  37  3:29  Zergling x2  
  37  3:30  Zergling x2  
  39  3:46  Drone x7  
  46  3:49  Drone  
  43  4:10  Overlord x3  
  43  4:15  Spore Crawler  
  43  4:16  Overlord  
  41  4:24  Zergling x2  
  41  4:27  Overlord  
  41  4:28  Queen  
  42  4:32  Spore Crawler  
  42  4:35  Drone x5  
  42  4:36  Drone  
  45  4:41  Drone  
  45  4:42  Drone  
  45  4:45  Zerg Melee Weapons Level 1  
  45  4:49  Zergling x4  
  45  4:50  Zergling x2  
  45  4:52  Drone  
  48  4:56  Zergling x4  
  48  4:57  Drone x2  
  52  5:04  Zergling x6  
  55  5:09  Drone x2  
  55  5:10  Drone  
  55  5:12  Queen  
  60  5:17  Drone  
  61  5:22  Drone x2  
  61  5:24  Drone x3  
  61  5:28  Extractor, Queen  
  65  5:31  Overlord  
  66  5:36  Drone x4  
  66  5:38  Lair  
  66  5:40  Drone  
  71  5:43  Overlord  
  71  5:45  Drone x2  
  71  5:49  Baneling Nest  
  72  5:50  Extractor  
  72  5:51  Drone x2  
  72  5:54  Drone x3  
  76  5:57  Extractor  
  76  5:59  Zergling x6  
  76  6:00  Zergling x2  
  79  6:05  Overlord  
  79  6:11  Zergling x2  
  79  6:12  Zergling x12  
  79  6:15  Queen  
  79  6:18  Zergling x2  
  89  6:21  Zergling x2  
  89  6:22  Overlord  
  90  6:29  Zergling x10  
  90  6:30  Zergling x2  
  96  6:34  Baneling x2  
  96  6:40  Zerg Missile Weapons Level 1  
  96  6:41  Hydralisk Den  
  96  6:45  Zergling x14  
  101  6:48  Baneling x2  
  100  6:57  Zergling x12  
  100  6:58  Overlord  
  100  7:00  Overlord  
  106  7:06  Extractor  
  105  7:08  Extractor, Overlord  
  105  7:09  Overlord  
  105  7:10  Hydralisk  
  105  7:12  Muscular Augments  
  105  7:19  Hatchery  
  103  7:24  Hydralisk  
  103  7:25  Hydralisk  
  103  7:28  Overlord x2  
  103  7:29  Hydralisk  
  106  7:30  Zergling x2  
  106  7:33  Drone x2  
  110  7:41  Drone  
  110  7:42  Drone x5  
  105  7:45  Zergling x10  
  98  7:54  Zergling x6  
  97  7:59  Hydralisk x3  
  97  8:04  Hydralisk x2  
  97  8:05  Zergling x2  
  107  8:07  Drone x3  
  107  8:10  Hydralisk  
  107  8:11  Zergling x2, Hydralisk  
  113  8:18  Zergling x4  
  115  8:20  Hydralisk  
  117  8:30  Drone x3  
  117  8:34  Zerg Melee Weapons Level 2  
  120  8:41  Extractor  
  120  8:43  Drone x5, Extractor, Spire  
  122  8:49  Hydralisk x2  
  122  8:50  Hydralisk  
  122  8:51  Zergling x8  
  132  9:00  Centrifical Hooks  
  132  9:08  Hydralisk x3  
  132  9:09  Zergling x2  
  143  9:10  Zergling x10  
  143  9:11  Overlord  
  143  9:14  Spore Crawler  
  141  9:17  Baneling x5  
  141  9:18  Drone x3  
  144  9:29  Zergling x14  
  151  9:34  Overlord x2  
  151  9:36  Zergling x12  
  155  9:55  Mutalisk x7  
  155  9:59  Mutalisk  
  171  10:07  Mutalisk x2, Hatchery  
  171  10:10  Drone x6  
  171  10:11  Drone x2, Mutalisk  
  184  10:15  Zerg Flyer Weapons Level 1  
  184  10:25  Overlord x2  
  184  10:31  Overlord x2  
  184  10:34  Baneling x6  
  184  10:36  Baneling x2  
  184  10:39  Overlord  
  184  10:49  Zerg Missile Weapons Level 2  
  137  11:07  Corruptor x8  
  137  11:10  Zergling x26  
  161  11:17  Corruptor  
  161  11:18  Corruptor  
  165  11:24  Corruptor  
  163  11:29  Drone x5  
  168  11:36  Corruptor x3  
  168  11:37  Extractor  
  168  11:39  Extractor  
  172  11:43  Infestation Pit  
  172  11:45  Corruptor  
  173  11:48  Zergling x14  
  173  11:52  Baneling x2  
  173  11:53  Baneling x5  
  180  12:02  Pneumatized Carapace  
  180  12:12  Hydralisk x5  
  180  12:14  Zergling x2  
  180  12:15  Zergling x18  
  199  12:19  Overlord  
  199  12:23  Hive  
  199  12:30  Lurker Den  
  199  12:33  Baneling x3  
  199  12:35  Zergling x6  
  199  12:43  Baneling x4  
  199  12:45  Baneling x3  
  199  12:47  Baneling  
  191  13:06  Zerg Ground Armor Level 1  
  191  13:26  Zergling x14  
  191  13:27  Zergling x4  
  198  13:28  Baneling  
  198  13:29  Baneling x16  
  198  13:41  Greater Spire, Adrenal Glands  
  196  13:45  Zergling x12  
  190  13:56  Hydralisk x3  
  190  13:58  Baneling x3  
  190  13:59  Baneling x2  
  190  14:01  Zergling x10  
  199  14:09  Hydralisk x6  
  191  14:10  Zergling x6  
  191  14:13  Hydralisk x2  
  191  14:14  Zergling x2, Hydralisk  
  191  14:15  Zergling x8  
  186  14:17  Baneling x6  
  186  14:21  Overseer x2  
  186  14:23  Hydralisk x5  
  194  14:29  Hydralisk x4  
  189  14:33  Hydralisk x2  
  189  14:34  Zergling x2  
  189  14:37  Hydralisk  
  185  14:47  Hatchery  
  180  14:55  Lurker x3  
  180  14:57  Brood Lord x5  
  189  15:03  Brood Lord  
  189  15:05  Zergling x18  
Tags
 
Add a new tag
Caveats
  • Supply blocks, unpowered buildings, or Contaminate may cause inaccurate times.
  • Supply counts are checked every 10 seconds.